 Dungeon Sprint DCSS version 0.31-a0-95-g6fa058ef04 (webtiles) character file.

Game seed: 3066090219975853194

177 fozzywoppz the Covert (level 5, -7/24 HPs)
             Began as a Spriggan Enchanter on May 25, 2023.
             Was an Initiate of Sif Muna.
             Killed from afar by a deep elf pyromancer (25 damage)
             ... with a bolt of fire
             ... in the Dungeon (Sprint III: "The Ten Rune Challenge").
             The game lasted 00:02:57 (423 turns).

fozzywoppz the Covert (Spriggan Enchanter)           Turns: 423, Time: 00:02:58

Health: -7/24      AC:  3    Str:  4    XL:     5   Next: 30%
Magic:  5/13       EV: 23    Int: 23    God:    Sif Muna [......]
Gold:   42         SH:  0    Dex: 17    Spells: 6/14 levels left

rFire   . . .        a - +1 dagger
rCold   . . .        (no shield)
rNeg    . . .        b - +0 robe
rPois   .            (helmet restricted)
rElec   .            l - +0 cloak
rCorr   .            (gloves unavailable)
SInv    +            (boots unavailable)
Will    .....        (no amulet)
Stlth   +++++        k - +6 ring of intelligence
HPRegen 0.24/turn    (no ring)
MPRegen 0.13/turn

%: no teleportation
@: confusing by touch, very quick
A: very small, no large weapons, unfitting armour, see invisible, speed 3
a: Renounce Religion


You were in the Dungeon.
You worshipped Sif Muna.
Sif Muna was noncommittal.
You visited 1 branch You collected 42 gold pieces.

Inventory:

Hand Weapons
 a - a +1 dagger (weapon)
Armour
 b - a +0 robe (worn)
 l - a +0 cloak (worn)
Jewellery
 k - a +6 ring of intelligence (left hand)
Wands
 j - a wand of flame (7)
Scrolls
 i - a scroll of blinking
 n - a scroll of torment {unknown}
 q - a scroll of immolation
Potions
 c - 2 potions of invisibility
 d - 3 potions of curing
 f - 2 potions of haste
 g - 2 potions of magic
 h - a potion of berserk rage
 m - 3 potions of mutation
 p - a potion of enlightenment {unknown}


   Skills:
 + Level 3.0 Short Blades
 + Level 8.9 Dodging
 + Level 10.8 Stealth
 - Level 5.0 Spellcasting
 - Level 6.0 Hexes


You had 6 spell levels left.
You knew the following spells:

 Your Spells              Type           Power      Damage    Failure   Level
a - Ensorcelled Hibernat  Hex/Ice        32%        N/A       5%          2
b - Confusing Touch       Hex            33%        N/A       2%          3
c - Tukima's Dance        Hex            33%        N/A       2%          3

Your spell library contained the following spells:

 Spells                   Type           Power      Damage    Failure   Level
 Dazzling Flash           Conj/Hex       32%        N/A       11%         3
 Portal Projectile        Hex/Tloc       32%        N/A       11%         3
 Blade Hands              Tmut           2%         N/A       95%         5


Dungeon Overview and Level Annotations

Branches:
Dungeon (1/1)

Altars:
Elyvilon
Kikubaaqudgha
Sif Muna
Vehumet
Zin
The Shining One


Innate Abilities, Weirdness & Mutations

You are very small and have problems with some larger weapons.
You are too small for most types of armour.
You have supernaturally acute eyesight. (SInv)
You cover ground extremely quickly. (Speed+++)


Message History

The deep elf pyromancer is heavily wounded.
The deep elf pyromancer casts a spell at you.
The bolt of fire misses you.
You hit the deep elf pyromancer but do no damage.
The deep elf pyromancer is heavily wounded.
The deep elf pyromancer casts a spell.
The deep elf pyromancer blinks!
You hit the deep elf pyromancer but do no damage.
The deep elf pyromancer is heavily wounded.
The deep elf pyromancer misses you.
You barely miss the deep elf pyromancer.
The deep elf pyromancer is heavily wounded.
The deep elf pyromancer hits you with a +1 long sword of holy wrath!
* * * LOW HITPOINT WARNING * * *
Your hands stop glowing.
Okay, then.
You feel much better.
The deep elf pyromancer completely misses you.
You hit the deep elf pyromancer.
The deep elf pyromancer is heavily wounded.
The deep elf pyromancer mumbles some strange words.
You barely miss the deep elf pyromancer.
The deep elf pyromancer is heavily wounded.
The deep elf pyromancer gestures at you while chanting.
The sticky flame hits you.
You are covered in liquid flames!
Unknown command.
You are covered in liquid flames!
You are no longer on fire.
Casting: Confusing Touch (dangerous; 2% risk of failure)
Confirm with . or Enter, or press ? or * to list all spells.
Your hands begin to glow red.
The deep elf pyromancer closely misses you.
The fire elemental barely misses you.
You barely miss the deep elf pyromancer.
The deep elf pyromancer is heavily wounded.
The deep elf pyromancer casts a spell at you.
The bolt of fire hits you!!
Ouch! That really hurt!
You die...

▓▓▓▓▓ ▓▓▓ '...♣♣♣♣
♣.##### #....♣.♣
♣♣.#___# #..)...♣
♣..#...#
#....~♣♣♣♣..###'#+###+##
#...~~♣♣♣.♣.#...@e.....#
#..~~~~.♣.♣.'.⌠..E°°...#
#..~≈≈~~~...#...######+#
#.~~≈~~~....#.⌠.#
#.~≈~~~.....#...#
#.~~~.......#'###
#...........#.).#
..†.........#___#
▓▓▓▓▓▓▓▓▓▓▓▓▓▓▓▓▓


You could see a deep elf pyromancer and a fire elemental (summoned).

Vanquished Creatures
  A water elemental (D)
  Crazy Yiuf (D)
  A wizard (D)
  Jessica (D)
  A human (D)
  A kobold demonologist (D)
  An endoplasm (D)
  2 rats (D)
9 creatures vanquished.

Notes
Turn   | Place    | Note
-------+----------+-------------------------------------------
     0 | D        | fozzywoppz the Spriggan Enchanter began the quest for the
                  | Orb.
     0 | D        | Reached XP level 1. HP: 9/9 MP: 5/5
    24 | D        | Noticed Jessica
    28 | D        | Killed Jessica
    29 | D        | Reached skill level 6 in Stealth
    29 | D        | Reached skill level 5 in Hexes
    29 | D        | Reached XP level 2. HP: 13/13 MP: 6/8
    29 | D        | Reached XP level 3. HP: 16/16 MP: 6/9
    41 | D        | Learned a level 2 spell: Ensorcelled Hibernation
    45 | D        | Learned a level 3 spell: Confusing Touch
    49 | D        | Learned a level 3 spell: Tukima's Dance
   169 | D        | Reached skill level 5 in Dodging
   169 | D        | Reached skill level 7 in Stealth
   171 | D        | Noticed Crazy Yiuf
   178 | D        | Killed Crazy Yiuf
   179 | D        | Reached skill level 5 in Spellcasting
   179 | D        | Reached XP level 4. HP: 21/21 MP: 2/12
   276 | D        | Noticed a water elemental
   279 | D        | Killed a water elemental
   280 | D        | Reached skill level 10 in Stealth
   282 | D        | Found a radiant altar of Vehumet.
   282 | D        | Found a shimmering blue altar of Sif Muna.
   282 | D        | Found an ancient bone altar of Kikubaaqudgha.
   282 | D        | Noticed a wizard
   291 | D        | Killed a wizard
   292 | D        | Reached XP level 5. HP: 23/24 MP: 9/13
   295 | D        | Noticed a smoke demon
   310 | D        | Became a worshipper of Sif Muna the Loreminder
   370 | D        | Found a glowing silver altar of Zin.
   370 | D        | Found a glowing golden altar of the Shining One.
   370 | D        | Found a white marble altar of Elyvilon.
   371 | D        | Noticed a deep elf pyromancer
   420 | D        | Noticed a fire elemental
   423 | D        | Killed from afar by a deep elf pyromancer

Illustrated notes

Levels and vault maps discovered:
D:        dungeon_sprint_mu [sprint_mu_entry_forest, sprint_mu_temple_rooms,
          sprint_mu_d1_horrors, sprint_mu_d2_genie, sprint_mu_d3_branching,
          sprint_mu_orc_legion, sprint_mu_elf_gauntlet, sprint_mu_hive_nellie,
          sprint_mu_lair_fedhas, sprint_mu_vaults_butterflies,
          sprint_mu_slime_circle, sprint_mu_shoals_kraken,
          sprint_mu_snake_twists, sprint_mu_blade_basic,
          sprint_mu_crypt_fortress, sprint_mu_tomb_spiral,
          sprint_mu_vestibule_basic, sprint_mu_gehenna_hellfire,
          sprint_mu_dis_giant, sprint_mu_tartarus_statrot,
          sprint_mu_cocytus_islands, sprint_mu_zot1]

Skill      XL: |  1  2  3  4  5 |
---------------+----------------+-----
Dodging        | 4 6 8 |  8.9
Spellcasting   | 4 5 |  5.0
Hexes          | 5 6 |  6.0
Stealth        | 6 7 10 | 10.8
Short Blades   | 2 3 |  3.0

Action                     |  1- 3 |  4- 6 || total
---------------------------+-------+-------++-------
  Melee: Dagger            |    20 |    43 ||    63
         Punch             |     1 |       ||     1
   Cast: Ensorcelled Hiber |     7 |     2 ||     9
         Confusing Touch   |     1 |     6 ||     7
  Evoke: Wand              |     2 |       ||     2
    Use: Scroll            |       |     2 ||     2
         Potion            |       |     1 ||     1
   Stab: Sleeping          |     5 |     1 ||     6
         Confused          |       |     2 ||     2
 Armour: Robe              |     1 |     2 ||     3
  Dodge: Dodged            |    12 |    30 ||    42

Table legend: (Time is in decaauts)
 A = Elapsed time spent in this place.
 B = Non-inter-level travel time spent in this place.
 C = Inter-level travel time spent in this place.
 D = Time resting spent in this place.
 E = Time spent auto-exploring this place.
 F = Levels seen in this place.
 G = Mean time per level.
                   A        B        C        D        E       F      G
               +--------+--------+--------+--------+--------+-----+--------+
         Total |    359 |    359 |      0 |    159 |      0 |   1 |  359.0 |
       Dungeon |    359 |    359 |      0 |    159 |      0 |   1 |  359.0 |
               +--------+--------+--------+--------+--------+-----+--------+

Top non-repeatable levels by time:
       D: 359 daAuts
